 Dungeon Crawl Stone Soup version 0.28.0-53-g5a82cb258f (webtiles) character file.

Game seed: 12274471458061816814

366 LynnLen the Sneak (level 6, -12/36 HPs)
             Began as a Vampire Enchanter on Aug 2, 2022.
             Was an Initiate of Yredelemnul.
             Mangled by a wyvern zombie (14 damage)
             ... on level 5 of the Dungeon.
             The game lasted 00:16:16 (4133 turns).

LynnLen the Sneak (Vampire Enchanter)               Turns: 4133, Time: 00:16:17

Health: -12/36     AC:  3    Str:  7    XL:     6   Next: 40%
Magic:  8/9        EV: 12    Int: 17    God:    Yredelemnul [......]
Gold:   130        SH:  0    Dex: 17    Spells: 3/9 levels left

rFire   . . .      SeeInvis +   a - +1 dagger
rCold   . . .      Faith    .   (no shield)
rNeg    . . .      Spirit   .   e - +0 leather armour
rPois   .          Reflect  .   (no helmet)
rElec   .          Harm     .   (no cloak)
rCorr   +          Rampage  .   (no gloves)
Will    .....                   (no boots)
Stlth   ++++......              p - amulet of regeneration
HPRegen 1.12/turn               g - ring of resist corrosion
MPRegen 0.11/turn               (no ring)

@: healing quickly
A: alive, fangs 3, see invisible, vampiric 2, [frail 1]
a: Exsanguinate, Renounce Religion, Recall Undead Harvest


You were on level 5 of the Dungeon.
You worshipped Yredelemnul.
Yredelemnul was noncommittal.
You visited 2 branches of the dungeon, and saw 6 of its levels.

You collected 130 gold pieces.

Inventory:

Hand Weapons
 a - a +1 dagger (weapon)
Missiles
 h - 174 stones (quivered)
Armour
 b - a +0 robe
 e - a +0 leather armour (worn)
Jewellery
 g - a ring of resist corrosion (left hand)
 p - an amulet of regeneration (around neck)
 s - an amulet of guardian spirit
Wands
 t - a wand of paralysis (8)
Scrolls
 r - a scroll of enchant weapon {unknown}
Potions
 d - a potion of haste
 f - a potion of degeneration {unknown}
 i - a potion of might {unknown}
 j - a potion of lignification {unknown}
 k - a potion of brilliance {unknown}
 l - a potion of mutation {unknown}
 m - a potion of resistance {unknown}
 n - a potion of heal wounds {unknown}


   Skills:
 * Level 5.3 Short Blades
 + Level 3.4 Dodging
 + Level 7.3 Stealth
 - Level 2.0 Spellcasting
 - Level 4.4 Hexes


You had 3 spell levels left.
You knew the following spells:

 Your Spells              Type           Power      Damage    Failure   Level
a - Confusing Touch       Hex            16%        N/A       14%         3
b - Tukima's Dance        Hex            16%        N/A       14%         3

Your spell library contained the following spells:

 Spells                   Type           Power      Damage    Failure   Level
 Ensorcelled Hibernation  Hex/Ice        18%        N/A       19%         2
 Dazzling Flash           Conj/Hex       18%        N/A       34%         3
 Sublimation of Blood     Necr           1%         N/A       41%         2
 Petrify                  Tmut/Erth      1%         N/A       96%         4
 Irradiate                Conj/Tmut      0%         3d13      100%        5


Dungeon Overview and Level Annotations

Branches:
Dungeon (5/15)             Temple (1/1) D:4

Altars:
Ashenzari
Cheibriados
Dithmenos
Elyvilon
Fedhas
Gozag
Hepliaklqana
Makhleb
Nemelex Xobeh
Qazlal
Ru
Sif Muna
Trog
Yredelemnul
The Shining One

Shops:
D:1 :


Innate Abilities, Weirdness & Mutations

Your natural rate of healing is accelerated.
You have razor-sharp teeth.
You have supernaturally acute eyesight. (SInv)
You are afflicted with vampirism and can become a bat while bloodless.
[You are frail. (-10% HP)]


Message History

The wyvern zombie barely misses you.
You hit the wyvern zombie but do no damage.
The wyvern zombie is moderately damaged.
The wyvern zombie bites you.
You hit the wyvern zombie but do no damage.
The wyvern zombie is moderately damaged.
The wyvern zombie completely misses you.
You hit the wyvern zombie but do no damage.
The wyvern zombie is moderately damaged.
The wyvern zombie misses you. The wyvern zombie misses you.
You barely miss the wyvern zombie. You punch the wyvern zombie.
The wyvern zombie is moderately damaged.
The wyvern zombie bites you!
The wyvern zombie bites itself!
You hit the wyvern zombie but do no damage.
The wyvern zombie is heavily damaged.
You hit the wyvern zombie but do no damage.
The wyvern zombie is heavily damaged.
You hit the wyvern zombie but do no damage.
The wyvern zombie is heavily damaged.
The wyvern zombie bites you!
You hit the wyvern zombie. You bite the wyvern zombie.
The wyvern zombie is severely damaged.
The wyvern zombie seems less confused.
The wyvern zombie bites you.
You hit the wyvern zombie but do no damage.
The wyvern zombie is severely damaged.
The wyvern zombie bites you.
You hit the wyvern zombie but do no damage.
The wyvern zombie is severely damaged.
The wyvern zombie bites you!
You hit the wyvern zombie but do no damage.
Your bite misses the wyvern zombie.
The wyvern zombie is severely damaged.
The wyvern zombie bites you!
* * * LOW HITPOINT WARNING * * *
You barely miss the wyvern zombie.
The wyvern zombie is severely damaged.
The wyvern zombie bites you!
You die...
Yredelemnul claims you as an undead slave.

........###########...#.#
...........+.....##.....#
...........##O#.###...###
#..........>........#
#........O.##.......#
..<.#+#'#.#..#######.###
. #.#.#..# #...#
#.#.#..#########.#
#.#.#....Z@......#
#.#.#.############
#.#.#[...# #.#.####.#
#.#......#
#.############# #.#
#.........# #.#
#.#######.#
#.###.#.....#.#


You could see a wyvern zombie.

Vanquished Creatures
  An ice beast (D:4)
  A bullfrog (D:3)
  A scorpion (D:3)
  A gnoll (D:5)
  3 adders
  An ufetubus (D:5)
  An adder skeleton (D:4)
  3 dart slugs
  3 bats
  2 endoplasms
  3 giant cockroaches
  4 goblins
  10 hobgoblins
  3 jackals (D:3)
  6 kobolds
  5 quokkas
  8 ball pythons
  6 frilled lizards
  A hobgoblin zombie (D:4)
  12 rats
75 creatures vanquished.

Vanquished Creatures (collateral kills)
  2 adders (D:4)
  2 adder skeletons (D:4)
  A hobgoblin (D:4)
  A quokka (D:4)
6 creatures vanquished.

Grand Total: 81 creatures vanquished

Notes
Turn   | Place    | Note
-------+----------+-------------------------------------------
     0 | D:1      | LynnLen the Vampire Enchanter began the quest for the Orb.
     0 | D:1      | Reached XP level 1. HP: 13/13 MP: 3/3
   226 | D:1      | Reached skill level 5 in Stealth
   226 | D:1      | Reached XP level 2. HP: 17/19 MP: 5/5
   519 | D:1      | Found a faded altar of an unknown god.
   583 | D:1      | Found Edwumnal's Book Boutique.
  1046 | D:2      | Gained mutation: You are afflicted with vampirism and can
                  | become a bat while bloodless. [Vampire growth]
  1046 | D:2      | Reached XP level 3. HP: 23/24 MP: 6/6
  1052 | D:2      | Learned a level 3 spell: Confusing Touch
  1056 | D:2      | Learned a level 3 spell: Tukima's Dance
  1994 | D:3      | Noticed a bullfrog
  2001 | D:3      | Killed a bullfrog
  2002 | D:3      | Reached skill level 6 in Stealth
  2002 | D:3      | Reached XP level 4. HP: 30/30 MP: 7/7
  2821 | D:3      | Noticed a scorpion
  2828 | D:3      | Killed a scorpion
  2829 | D:3      | Reached XP level 5. HP: 35/35 MP: 8/8
  3053 | D:4      | Found a staircase to the Ecumenical Temple.
  3068 | Temple   | Entered the Ecumenical Temple
  3117 | Temple   | Became a worshipper of Yredelemnul the Dark
  3245 | D:4      | Noticed an ice beast
  3340 | D:4      | Found a sacrificial altar of Ru.
  3454 | D:4      | Killed an ice beast
  3455 | D:4      | Reached skill level 5 in Short Blades
  3455 | D:4      | Reached skill level 7 in Stealth
  3455 | D:4      | Reached XP level 6. HP: 32/32 MP: 9/9
  3522 | D:4      | Reached * piety under Yredelemnul
  3906 | D:5      | Entered Level 5 of the Dungeon
  4132 | D:5      | HP: 1/36 [wyvern zombie (11)]
  4133 | D:5      | Mangled by a wyvern zombie

Illustrated notes

Levels and vault maps discovered:
D:1:      eino_arrival_druids_welcome, layout_rooms,
          shapermc_ecumenical_altar_mp_highgroup, serial_shops, shop,
          chequers_jeans
D:2:      layout_basic, hangedman_decor_opposing, chequers_serial_rivers_micro_e
D:3:      layout_basic
D:4:      layout_rooms, nicolae_ru_path_of_blood,
          minmay_temple_entry_glassed_door, corner_web_ring,
          kennysheep_generic_room_5
D:5:      layout_basic, serial_shops, nicolae_shop_advertising_works
          [nicolae_subvault_shop_adworks], nicolae_shop_crystal, shop,
          ebering_ghost_reflecting_pool, kennysheep_generic_room_6
Temple:   compressed_dpeg_circular_temple

Skill      XL: |  1  2  3  4  5 |
---------------+----------------+-----
Stealth        | 5 6 7 |  7.3
Short Blades   | 2 3 4 5 |  5.3
Dodging        | 3 |  3.4
Spellcasting   | |  2.0
Hexes          | |  4.4

Action                   |  1- 3 |  4- 6 || total
-------------------------+-------+-------++-------
Melee: Dagger            |   131 |   156 ||   287
       Bite              |    12 |    19 ||    31
       Punch             |     3 |     3 ||     6
 Cast: Confusing Touch   |       |     8 ||     8
 Abil: Exsanguinate      |       |     1 ||     1
       Revivify          |       |     1 ||     1
  Use: Scroll            |     1 |     4 ||     5
       Potion            |       |     1 ||     1
 Stab: Sleeping          |    15 |     7 ||    22
       Confused          |       |     3 ||     3
       Invisible         |       |     1 ||     1
Armor: Leather armour    |    29 |    24 ||    53
       Robe              |     1 |       ||     1
Dodge: Dodged            |    61 |    89 ||   150
